Map: Rhoskallian EE

Players

Nintendo

  • Race: Zerg Zerg
  • League: Platinum
  • Spawn Location: 12:00

Morbenth

  • Race: Terran Terran
  • Spawn Location: 11:00

TATORREA - Winner!

  • Race: Protoss Protoss
  • League: Gold
  • Spawn Location: 6:00

MrFercho - Winner!

  • Race: Zerg Zerg
  • League: Gold
  • Spawn Location: 5:00

VOD

Have the link to the VOD?

Description

Time

  • Played on: Aug. 12, 2020, 8:15 p.m.
  • Length: 12:43
Show
View Real Time Build Order
Export as new Build Order

Nintendo Zerg 

Build Orders: Hatch First 

Get SALT Encoding   

  12  0:00  Drone  
  13  0:15  Overlord  
  13  0:26  Drone  
  14  0:33  Drone  
  15  0:36  Drone  
  16  0:45  Drone  
  17  1:06  Hatchery  
  16  1:12  Extractor  
  16  1:16  Spawning Pool  
  16  1:17  Drone  
  15  1:24  Drone x2  
  17  1:38  Drone  
  17  1:39  Drone  
  19  1:54  Drone  
  19  2:00  Overlord  
  20  2:12  Queen  
  22  2:17  Overlord  
  22  2:18  Queen  
  22  2:20  Drone  
  25  2:32  Drone x2  
  27  2:44  Drone  
  27  2:45  Roach Warren, Drone x2  
  29  2:56  Queen  
  29  2:58  Drone x2  
  33  3:20  Overlord  
  33  3:21  Overlord  
  33  3:25  Drone x2  
  33  3:26  Overlord, Drone  
  36  3:32  Lair  
  36  3:39  Extractor  
  36  3:40  Extractor, Drone  
  36  3:41  Drone x4  
  39  3:50  Drone x2  
  41  4:11  Roach x7  
  55  4:17  Extractor, Drone  
  55  4:18  Drone  
  56  4:33  Zergling x6  
  56  4:34  Zergling x2  
  56  4:37  Overlord x2  
  60  4:50  Overlord x3  
  60  5:04  Drone x3  
  63  5:15  Drone x2  
  65  5:22  Hatchery  
  65  5:25  Drone x5  
  65  5:26  Drone x2  
  71  5:47  Evolution Chamber  
  70  5:50  Evolution Chamber  
  70  5:51  Drone  
  70  5:52  Hydralisk Den, Drone x4  
  73  6:04  Drone x6  
  79  6:17  Drone  
  79  6:18  Drone x3  
  83  6:35  Drone x8  
  91  6:47  Extractor  
  91  6:50  Extractor, Drone x2  
  91  6:57  Zerg Ground Armor Level 1, Zerg Missile Weapons Level 1  
  91  6:59  Drone, Grooved Spines  
  91  7:00  Drone x4  
  94  7:13  Roach x2  
  94  7:14  Roach x2  
  60  7:31  Hydralisk x3, Roach  
  60  7:32  Hydralisk  
  66  7:43  Hydralisk  
  52  7:59  Hydralisk x4  
  60  8:10  Muscular Augments  
  54  8:17  Hydralisk  
  54  8:18  Hydralisk x8  
  54  8:19  Queen  
  64  8:21  Queen  
  62  8:48  Hatchery  
  61  8:53  Hydralisk x3  
  61  8:55  Spine Crawler x2  
  65  8:58  Spine Crawler  
  65  9:00  Spine Crawler  
  63  9:13  Hydralisk  
  63  9:14  Drone x5  
  70  9:22  Hatchery  
  69  9:42  Drone x5  
  69  9:43  Drone x3  
  77  9:51  Extractor  
  76  9:56  Drone x2  
  79  10:14  Drone x7  
  79  10:15  Drone  
  86  10:26  Drone x5  
  91  10:48  Drone  
  91  10:49  Drone x8  
  96  11:09  Hydralisk x9  
  96  11:10  Hydralisk x4  
  74  11:20  Hydralisk x4  
  75  11:29  Hydralisk x5  
  68  11:43  Hydralisk x3  
Show
View Real Time Build Order
Export as new Build Order

Morbenth Terran 

Build Orders: Command Center First (CC) 

Get SALT Encoding   

  12  0:01  SCV  
  13  0:13  SCV  
  14  0:21  Supply Depot  
  14  0:25  SCV  
  16  0:42  SCV  
  16  0:43  Engineering Bay  
  16  0:54  SCV  
  17  1:17  Command Center, SCV  
  18  1:31  Barracks, SCV  
  19  1:43  SCV  
  20  1:51  Barracks  
  20  1:55  SCV  
  21  2:01  Supply Depot  
  21  2:10  Refinery  
  21  2:18  Barracks  
  21  2:21  SCV  
  22  2:31  Marine  
  23  2:39  Refinery  
  23  2:40  SCV  
  24  2:51  Supply Depot  
  24  2:52  Marine x2  
  24  2:53  SCV  
  27  3:01  Barracks  
  27  3:06  Marine  
  27  3:09  SCV  
  27  3:10  Marine  
  27  3:12  SCV  
  31  3:24  SCV  
  31  3:25  SCV  
  33  3:36  Refinery  
  33  3:37  SCV  
  34  3:41  Barracks Tech Lab  
  34  3:42  Barracks Tech Lab x2  
  34  3:49  Supply Depot, SCV  
  34  3:53  SCV  
  36  4:00  Terran Infantry Weapons Level 1  
  36  4:01  SCV  
  37  4:05  SCV  
  38  4:13  SCV  
  39  4:17  Barracks  
  39  4:20  Barracks Tech Lab  
  39  4:21  Marauder  
  41  4:27  Combat Shield  
  41  4:35  Marauder  
  41  4:36  Marauder  
  45  4:38  SCV  
  46  5:00  Barracks  
  46  5:04  Supply Depot  
  46  5:07  Stimpack  
  46  5:08  Concussive Shells  
  46  5:10  Marauder  
  46  5:11  Marauder x2  
  52  5:29  SCV  
  52  5:34  Marauder  
  55  5:41  SCV  
  55  5:42  Command Center  
  56  5:49  Supply Depot  
  56  5:51  Barracks Tech Lab  
  56  5:54  Barracks Tech Lab, Terran Infantry Armor Level 1  
  56  6:03  Bunker  
  56  6:04  Supply Depot  
  56  6:06  Marauder x2  
  60  6:14  SCV  
  61  6:19  Refinery  
  61  6:21  Marauder  
  63  6:26  SCV  
  63  6:30  Marauder  
  66  6:38  Supply Depot, SCV  
  66  6:49  Marauder x3  
  66  6:50  Marauder, SCV  
  74  7:02  SCV  
  74  7:08  Marauder x2  
  61  7:10  Marauder x2  
  61  7:14  SCV  
  66  7:24  Marauder x2  
  66  7:26  SCV  
  66  7:29  Marauder x2  
  75  7:43  Marauder  
  75  7:44  Marauder  
  77  7:46  Marauder x2  
  77  7:50  Marauder  
  77  7:51  Marauder  
  71  8:05  Marauder x2  
  75  8:07  Marauder x2  
  73  8:20  Marauder x2  
  73  8:26  Marauder x2  
  72  8:28  Marauder x2  
  68  8:42  Marauder x2  
  68  8:48  Marauder  
  71  8:55  Marauder x3  
  74  9:03  Marauder x2  
  74  9:09  Marauder  
  80  9:13  SCV  
  80  9:16  Marauder  
  83  9:25  Marauder, SCV  
  86  10:00  Supply Depot  
  86  10:03  Command Center  
  86  10:07  Supply Depot  
  86  10:27  Marauder x4  
  94  10:31  SCV  
  94  10:33  Factory  
  95  10:43  SCV  
  95  10:44  Marauder  
  98  10:52  Marauder x2  
  98  10:55  SCV  
  99  11:13  Marauder x3  
  99  11:14  Marauder  
  59  11:31  Marauder x2  
  59  11:34  Marauder  
  59  11:35  Marauder  
  53  11:45  Marauder x2  
  57  11:52  Marauder  
  57  11:53  Marauder  
  59  11:56  Marauder  
  53  12:05  Marauder  
  53  12:07  Marauder x2  
  59  12:13  Marauder  
  59  12:14  Marauder  
Show
View Real Time Build Order
Export as new Build Order

TATORREA Protoss - Winner!

Build Orders:  

Get SALT Encoding   

  12  0:04  Probe  
  13  0:16  Probe  
  14  0:27  Pylon  
  14  0:28  Probe  
  15  0:45  Probe  
  16  0:51  Gateway  
  16  0:57  Probe  
  17  1:09  Probe  
  18  1:20  Gateway  
  18  1:21  Probe  
  19  1:30  Assimilator  
  19  1:32  Pylon  
  19  1:33  Probe  
  20  1:45  Probe  
  21  1:54  Cybernetics Core  
  21  1:58  Probe  
  22  2:07  Assimilator  
  22  2:09  Pylon  
  22  2:10  Probe  
  23  2:18  Gateway  
  23  2:20  Gateway  
  23  2:22  Probe  
  24  2:30  Stalker (Chrono Boost), Warp Gate  
  26  2:43  Adept (Chrono Boost)  
  28  2:52  Adept  
  30  3:10  Adept  
  32  3:22  Nexus  
  32  3:24  Pylon  
  32  3:28  Adept  
  34  3:47  Probe  
  35  3:59  Probe  
  30  4:55  Probe (Chrono Boost)  
  30  4:56  Probe (Chrono Boost)  
  32  5:01  Stalker x4  
  32  5:05  Probe x2 (Chrono Boost)  
  42  5:10  Robotics Facility  
  42  5:12  Stargate  
  42  5:13  Twilight Council  
  42  5:17  Probe  
  42  5:18  Probe  
  42  5:20  Pylon  
  44  5:23  Pylon  
  44  5:28  Pylon  
  44  5:29  Probe  
  44  5:30  Probe  
  46  5:41  Probe  
  46  5:42  Probe  
  48  5:50  Assimilator  
  48  5:52  Blink  
  48  5:53  Void Ray (Chrono Boost), Probe  
  48  5:54  Assimilator, Probe  
  54  5:57  Immortal (Chrono Boost)  
  58  6:07  Probe x2  
  60  6:19  Probe x2  
  62  6:31  Probe x2  
  64  6:48  Stalker x3  
  64  6:50  Nexus  
  64  6:53  Pylon  
  70  6:56  Pylon  
  48  7:46  Void Ray  
  48  7:48  Immortal  
  56  7:57  Probe x2  
  58  8:00  Stalker x2  
  58  8:01  Stalker x2  
  66  8:09  Probe x2  
  68  8:25  Stalker x2  
  68  8:26  Stalker x2  
  76  8:27  Immortal, Probe  
  76  8:28  Probe x2  
  76  8:29  Void Ray  
  87  8:39  Probe  
  87  8:40  Probe x2  
  90  8:52  Probe x3  
  93  8:59  Pylon  
  93  9:02  Pylon  
  89  9:06  Charge (Chrono Boost)  
  89  9:07  Immortal  
  93  9:10  Void Ray  
  97  9:23  Probe x3  
  97  9:24  Gateway  
  100  9:27  Gateway  
  100  9:35  Immortal, Templar Archives  
  100  9:42  Assimilator  
  100  9:43  Assimilator, Fleet Beacon  
  100  9:45  Zealot x2  
  102  9:46  Void Ray (Chrono Boost), Zealot x2  
  112  9:59  Forge x2  
  116  10:09  Stalker x3  
  116  10:10  Stalker  
  124  10:44  Nexus  
  124  10:47  Pylon  
  124  10:49  Pylon  
  124  10:52  Pylon  
  124  10:56  Pylon  
  124  10:59  Pylon  
  122  11:09  Gateway  
  98  11:11  Gateway  
  98  11:13  Gateway  
  98  11:16  Gateway  
  76  11:18  Gateway  
  76  11:23  Gateway  
  76  11:28  High Templar x3  
  76  11:29  High Templar x3  
  76  11:32  Archon  
  88  11:33  Archon x2  
  88  11:37  Void Ray  
  88  11:39  Observer  
  93  11:52  Probe x3  
  96  12:00  Immortal  
  100  12:02  Gateway  
  100  12:04  Gateway, Probe x2  
  100  12:05  Probe  
  100  12:06  Gateway  
  103  12:08  Gateway  
  103  12:10  Gateway  
  103  12:12  Gateway  
  103  12:15  Gateway  
Show
View Real Time Build Order
Export as new Build Order

MrFercho Zerg - Winner!

Build Orders: Hatch First 

Get SALT Encoding   

  12  0:03  Drone  
  13  0:13  Overlord  
  13  0:18  Drone  
  14  0:31  Drone x2  
  16  0:54  Drone  
  16  0:56  Hatchery  
  16  0:57  Drone  
  16  1:02  Drone  
  18  1:08  Drone  
  19  1:14  Extractor  
  18  1:22  Spawning Pool  
  18  1:25  Drone  
  18  1:30  Drone  
  19  1:48  Drone  
  20  1:58  Drone  
  21  2:05  Overlord  
  21  2:09  Queen  
  21  2:10  Queen  
  21  2:13  Zergling x2  
  21  2:14  Zergling x2  
  27  2:20  Drone  
  28  2:24  Drone  
  29  2:32  Overlord  
  29  2:34  Drone  
  30  2:42  Drone  
  31  2:50  Lair  
  31  2:53  Queen  
  31  2:55  Drone x2  
  35  2:59  Drone  
  35  3:02  Drone  
  37  3:14  Roach Warren, Drone x2  
  37  3:15  Evolution Chamber  
  37  3:20  Overlord  
  37  3:30  Overlord  
  37  3:35  Extractor  
  37  3:38  Extractor  
  37  3:40  Queen  
  37  3:54  Glial Reconstitution  
  37  3:56  Zerg Missile Weapons Level 1  
  37  3:58  Roach x3  
  43  4:07  Drone x4  
  47  4:15  Zergling x8  
  51  4:30  Drone  
  51  4:45  Overlord  
  50  4:46  Overlord  
  50  4:55  Drone x2  
  50  4:57  Overlord x3  
  52  5:05  Drone x7  
  59  5:22  Roach x4  
  67  5:44  Roach x6  
  79  5:53  Drone  
  80  6:05  Hatchery  
  79  6:14  Roach x2  
  79  6:15  Roach x4  
  91  6:27  Zerg Missile Weapons Level 2  
  91  6:38  Overlord x4  
  87  7:03  Roach x9  
  99  7:22  Roach x3  
  105  7:26  Drone x2  
  107  7:37  Extractor  
  101  7:49  Roach x7  
  102  7:59  Roach x5  
  110  8:17  Roach x5  
  110  8:18  Roach x2  
  108  8:25  Roach  
  108  8:26  Roach x2  
  96  8:37  Drone x7  
  103  8:42  Roach  
  105  8:49  Zerg Ground Armor Level 1  
  105  9:11  Hydralisk Den  
  105  9:13  Infestation Pit  
  105  9:14  Drone x9  
  105  9:15  Drone x3  
  115  9:18  Extractor  
  115  9:20  Extractor  
  113  9:32  Overlord x3  
  113  9:34  Roach  
  113  9:35  Roach x5  
  125  9:42  Muscular Augments  
  125  9:47  Roach x2  
  125  9:50  Hive  
  129  9:54  Roach x5  
  129  9:55  Roach  
  141  10:08  Roach x4  
  141  10:09  Roach  
  151  10:28  Roach  
  153  10:29  Overlord x5  
  153  10:30  Overlord x3  
  153  10:53  Evolution Chamber, Grooved Spines  
  120  11:23  Roach x10  
  120  11:24  Roach x12  
  162  11:46  Roach x6  
  172  11:54  Roach x6  
  166  12:09  Lurker Den  
Tags
 
Add a new tag
Caveats
  • Supply blocks, unpowered buildings, or Contaminate may cause inaccurate times.
  • Supply counts are checked every 10 seconds.